 Dungeon Crawl Stone Soup version 0.29-a0-902-g0f71de6fce (webtiles) character file.

Game seed: 12006262903803807600

191 quixfox the Digger (level 5, -11/28 HPs)
             Began as a Gargoyle Earth Elementalist on July 25, 2022.
             Mangled by a wight
             ... wielding a +6 great sword
              (14 damage)
             ... on level 4 of the Dungeon.
             The game lasted 00:04:25 (2612 turns).

quixfox the Digger (Gargoyle Earth Elementalist)    Turns: 2612, Time: 00:04:25

Health: -11/28     AC:  6    Str: 11    XL:     5   Next: 70%
Magic:  6/10       EV: 11    Int: 18    God:
Gold:   163        SH:  0    Dex: 10    Spells: 5/11 levels left

rFire   . . .      SeeInvis +   k - +2 halberd (vamp)
rCold   . . .      Faith    .   (shield currently unavailable)
rNeg    + . .      Spirit   .   a - +0 robe
rPois   ∞          Reflect  .   (no helmet)
rElec   +          Harm     .   (no cloak)
rCorr   .          Rampage  .   (no gloves)
Will    +....                   (no boots)
Stlth   ++........              (no amulet)
HPRegen 0.09/turn               e - ring of willpower
MPRegen 0.12/turn               d - ring of see invisible

@: no status effects
A: sickness immunity, AC +4, negative energy resistance 1, electricity
resistance, torment resistance 1, petrification resistance
a: no special abilities


You were on level 4 of the Dungeon.
You visited 1 branch of the dungeon, and saw 4 of its levels.

You collected 163 gold pieces.

Inventory:

Hand Weapons
 k - a +2 vampiric halberd (weapon)
Armour
 a - a +0 robe (worn)
Jewellery
 d - a ring of see invisible (right hand)
 e - a ring of willpower (left hand)
 m - a ring of ice
Scrolls
 c - a scroll of magic mapping {unknown}
 f - 4 scrolls of enchant weapon {unknown}
 i - 3 scrolls of identify {unknown}
 j - a scroll of teleportation {unknown}
 n - a scroll of amnesia {unknown}
Potions
 b - a potion of magic
 g - a potion of brilliance {unknown}
 h - a potion of degeneration {unknown}
 l - a potion of heal wounds {unknown}
 o - a potion of curing {unknown}


   Skills:
 - Level 1.5 Dodging
 - Level 2.1 Stealth
 + Level 3.7 Spellcasting
 + Level 1.7 Conjurations
 - Level 0.7 Transmutations
 + Level 5.6 Earth Magic


You had 5 spell levels left.
You knew the following spells:

 Your Spells              Type           Power      Damage    Failure   Level
a - Sandblast             Erth           46%        2d11      1%          1
b - Stone Arrow           Conj/Erth      32%        3d9       10%         3
c - Passwall              Tmut/Erth      11%        N/A       6%          2

Your spell library contained the following spells:

 Spells                   Type           Power      Damage    Failure   Level
 Magic Dart               Conj           36%        1d4       8%          1
 Call Imp                 Summ           3%         N/A       22%         2
 Mephitic Cloud           Conj/Pois/Air  5%         N/A       34%         3
 Petrify                  Tmut/Erth      14%        N/A       38%         4


Dungeon Overview and Level Annotations

Branches:
Dungeon (4/15)             Temple (0/1) D:4

Altars:
Kikubaaqudgha
Trog


Innate Abilities, Weirdness & Mutations

You are immune to sickness and miasma.
Your stone body is resilient. (AC +4)
You are immune to poison.
You resist negative energy. (rN+)
You are resistant to electric shocks. (rElec)
You are resistant to unholy torment.
You are immune to petrification.


Message History

The blast of sand hits the adder!
The adder is severely wounded.
The adder hisses angrily.
The blast of sand hits the adder.
You kill the adder!
An endoplasm is nearby!
You can't see any susceptible monsters within range! (Use Z to cast anyway.)
The blast of sand hits the endoplasm!
You kill the endoplasm!
An orc comes into view. It is wielding a +0 mace.
The orc shouts!
You can't see any susceptible monsters within range! (Use Z to cast anyway.)
The blast of sand hits the orc.
The orc is heavily wounded.
The blast of sand hits the orc!
You kill the orc!
Magic restored.
f - 4 scrolls labelled ACUMMAITUT (gained 1)
Found a staircase to the Ecumenical Temple.
A wight, a quokka and a dart slug come into view.
Found a giant spiked club and a robe.
The blast of sand hits the dart slug!
You kill the dart slug!
A ball python comes into view.
The blast of sand hits the wight but does no damage.
The ball python hisses angrily.
The blast of sand hits the quokka!
You kill the quokka!
The wight misses you.
Aiming: Sandblast (safe; 1% risk of failure)
Press: ? - help, Q - select action, (/) - cycle Shift-Dir - straight line, f - wight
Aim: a wight, wielding a +6 great sword and wearing a +0 robe (81% to hit)
The blast of sand hits the wight!
The wight is heavily damaged.
The wight hits you with a +6 great sword!!
Ouch! That really hurt!
* * * LOW HITPOINT WARNING * * *
The wight hits you with a +6 great sword!
Ouch! That really hurt!
You die...

#### ...#### ._....#
###### ......## #...)#
.......# ######.##.##.##
.⌠.....###......#.......
................@z......
.......###....###S.⌠...⌠
._.....# #......#.......
......## #....#......>..
......# #....###.......
)......# #....# ..⌠...⌠
.......# #..... [......
..............## .......
.......###


You could see a wight and a ball python.

Vanquished Creatures
  An orc priest (D:4)
  Natasha (twice) (D:2)
  5 adders
  A worm (D:3)
  4 dart slugs
  5 orcs
  3 ball pythons
  8 endoplasms
  A giant cockroach (D:2)
  2 goblins (D:2)
  4 hobgoblins
  3 jackals (D:1)
  4 kobolds
  A quokka (D:4)
  4 bats
  2 frilled lizards
  6 rats
56 creatures vanquished.

Notes
Turn   | Place    | Note
-------+----------+-------------------------------------------
     0 | D:1      | quixfox the Gargoyle Earth Elementalist began the quest for
                  | the Orb.
     0 | D:1      | Reached XP level 1. HP: 10/10 MP: 3/3
   244 | D:1      | Reached XP level 2. HP: 15/15 MP: 3/5
   272 | D:1      | Reached skill level 4 in Earth Magic
  1035 | D:2      | Reached XP level 3. HP: 14/19 MP: 3/6
  1182 | D:2      | Noticed Natasha
  1184 | D:2      | Killed Natasha
  1185 | D:2      | Reached XP level 4. HP: 24/24 MP: 6/8
  1571 | D:2      | Noticed Natasha
  1576 | D:2      | Killed Natasha
  1577 | D:2      | Reached skill level 5 in Earth Magic
  1744 | D:2      | Learned a level 3 spell: Stone Arrow
  1747 | D:2      | Learned a level 2 spell: Passwall
  1944 | D:3      | Reached XP level 5. HP: 28/28 MP: 6/10
  2013 | D:3      | Reached skill level 1 in Conjurations
  2037 | D:3      | Found a faded altar of an unknown god.
  2366 | D:4      | Found an ancient bone altar of Kikubaaqudgha.
  2549 | D:4      | Found a bloodstained altar of Trog.
  2606 | D:4      | Found a staircase to the Ecumenical Temple.
  2612 | D:4      | Mangled by a wight

Illustrated notes

Levels and vault maps discovered:
D:1:      wander_arrival_chamber, layout_loops_ring
D:2:      layout_loops_ring, uniq_natasha
D:3:      cheibrodos_old_hovel, layout_basic,
          shapermc_ecumenical_altar_mp_vishouse
D:4:      layout_rooms, grunt_temple_overflow_open,
          minmay_temple_entry_large_hall

Skill      XL: |  1  2  3  4  5 |
---------------+----------------+-----
Earth Magic    | 4 5 |  5.6
Spellcasting   | 3 |  3.7
Conjurations   | 1 |  1.7
Dodging        | |  1.5
Stealth        | |  2.1
Transmutations | |  0.7

Action                   |  1- 3 |  4- 6 || total
-------------------------+-------+-------++-------
 Cast: Sandblast         |    26 |    49 ||    75
Armor: Robe              |       |     3 ||     3
Dodge: Dodged            |     1 |     7 ||     8

Table legend: (Time is in decaauts)
 A = Elapsed time spent in this place.
 B = Non-inter-level travel time spent in this place.
 C = Inter-level travel time spent in this place.
 D = Time resting spent in this place.
 E = Time spent auto-exploring this place.
 F = Levels seen in this place.
 G = Mean time per level.
                   A        B        C        D        E       F      G
               +--------+--------+--------+--------+--------+-----+--------+
         Total |   2686 |   2659 |     27 |    280 |   2012 |   4 |  671.5 |
       Dungeon |   2686 |   2659 |     27 |    280 |   2012 |   4 |  671.5 |
               +--------+--------+--------+--------+--------+-----+--------+

Top non-repeatable levels by time:
     D:1: 970 daAuts
     D:2: 838 daAuts
     D:3: 756 daAuts
     D:4: 121 daAuts
